 Dungeon Sprint DCSS version 0.23.2-1-ga50397a (webtiles) character file.

Game seed: 2290188659385546341

3525 wilfster70 the Quickloader (level 9, -13/92 HPs)
             Began as a Minotaur Arcane Marksman on May 30, 2019.
             Was the Champion of Cheibriados.
             Shot with a bolt by a yaktaur (16 damage)
             ... in the Dungeon (Sprint V: "Ziggurat Sprint").
             The game lasted 00:05:17 (565 turns).

wilfster70 the Quickloader (MiAM)                    Turns: 565, Time: 00:05:17

Health: -13/92     AC: 24    Str: 37    XL:     9   Next: 81%
Magic:  14/14      EV: 17    Int: 25    God:    Cheibriados [******]
Gold:   0          SH:  0    Dex: 31    Spells: 9/10 levels left

rFire    + . .     SeeInvis +   a - +9 heavy crossbow "Sniper" {velocity, Acc+∞ SInv}
rCold    + . .     Gourm    .   (shield currently unavailable)
rNeg     + + .     Faith    .   w - +5 gold dragon scales
rPois    +         Spirit   .   (helmet restricted)
rElec    .         Reflect  .   (no cloak)
rCorr    .         Harm     .   q - +0 pair of gloves {Dex+3}
MR       +....     NoTele   +   (no boots)
Stlth    ..........             (no amulet)
HPRegen  0.25/turn              A - +6 ring of strength
MPRegen  0.14/turn              y - ring "Wokhlaod" {rPois rN++ MR+ Int-2 Dex+2}

@: very slow
A: retaliatory headbutt, horns 2
a: Bend Time, Temporal Distortion, Slouch, Step From Time, Renounce Religion


You were in the Dungeon.
You worshipped Cheibriados.
Cheibriados was exalted by your worship.
You were not hungry.

You visited 1 branch

Inventory:

Hand Weapons
 a - the +9 heavy crossbow "Sniper" (weapon) {velocity, Acc+∞ SInv}
   (You found it in the Dungeon)

   Any bolt fired from it inflicts extra damage.
   It lets you see invisible.
 z - a +0 great sword of holy wrath
Missiles
 d - 11 bolts (quivered)
Armour
 q - a +0 pair of gloves of dexterity (worn)
 w - +5 gold dragon scales (worn)
Jewellery
 y - the ring "Wokhlaod" (right hand) {rPois rN++ MR+ Int-2 Dex+2}
   (You found it in the Dungeon)

   [ring of protection from magic]

   It affects your intelligence (-2).
   It affects your dexterity (+2).
   It protects you from poison.
   It greatly protects you from negative energy.
   It affects your resistance to hostile enchantments.
 A - a +6 ring of strength (left hand)
 C - the ring "Eged Iku" {rN+ MR+ Int+3 Dex-5}
   (You found it in the Dungeon)

   [ring of positive energy]

   It affects your intelligence (+3).
   It affects your dexterity (-5).
   It protects you from negative energy.
   It affects your resistance to hostile enchantments.
Wands
 t - a wand of disintegration (7)
 u - a wand of iceblast (7)
 v - a wand of acid (7)
Scrolls
 b - 4 scrolls of amnesia
 c - 7 scrolls of fog
 h - a scroll of holy word
 j - 5 scrolls of identify
 k - 4 scrolls of blinking
 l - 5 scrolls of remove curse
 m - 2 scrolls of fear
Potions
 e - 7 potions of curing
 g - 10 potions of heal wounds
 i - 7 potions of magic
 n - 2 potions of brilliance
 o - 2 potions of invisibility
 p - 4 potions of resistance
 r - 5 potions of agility
 s - 5 potions of might
Miscellaneous
 x - a phantom mirror
 B - 2 boxes of beasts
Comestibles
 f - 7 rations


   Skills:
 + Level 12.6 Fighting
 + Level 4.0 Long Blades
 * Level 12.8 Crossbows
 + Level 11.3 Armour
 + Level 10.5 Dodging
 - Level 1.0 Spellcasting
 - Level 2.0 Hexes
 - Level 9.2 Invocations


You had 9 spell levels left.
You knew the following spells:

 Your Spells              Type           Power        Failure   Level  Hunger
a - Corona                Hex            ##.....      56%         1    ##.....

Your spell library contained the following spells:

 Spells                   Type           Power        Failure   Level  Hunger
 Slow                     Hex            ##......     71%         2    ###....
 Flame Tongue             Conj/Fire      #....        85%         1    ##.....
 Summon Small Mammal      Summ           #...         85%         1    ##.....
 Ensorcelled Hibernation  Hex/Ice        #.....       85%         2    ###....
 Confuse                  Hex            ##......     91%         3    ####...
 Tukima's Dance           Hex            ##......     91%         3    ####...
 Call Imp                 Summ           #.......     94%         2    ###....
 Throw Frost              Conj/Ice       #.....       94%         2    ###....
 Dazzling Spray           Conj/Hex       #.....       97%         3    ####...
 Inner Flame              Hex/Fire       #.......     97%         3    ####...
 Portal Projectile        Hex/Tloc       #.....       97%         3    ####...
 Summon Guardian Golem    Hex/Summ       #.......     97%         3    ####...
 Call Canine Familiar     Summ           #.......     99%         3    ####...
 Recall                   Summ/Tloc      N/A          99%         3    ####...
 Cause Fear               Hex            ##........   100%        4    #####..
 Leda's Liquefaction      Hex/Erth       #.........   100%        4    #####..
 Summon Ice Beast         Ice/Summ       #.......     100%        4    #####..
 Summon Lightning Spire   Summ/Air       #.......     100%        4    #####..
 Aura of Abjuration       Summ           #.........   100%        5    ######.
 Summon Demon             Summ           #.........   100%        5    ######.
 Summon Forest            Summ/Tloc      #.........   100%        5    ######.
 Summon Mana Viper        Hex/Summ       #.......     100%        5    ######.
 Bolt of Fire             Conj/Fire      #.........   100%        6    #######
 Shadow Creatures         Summ           N/A          100%        6    #######
 Dragon Form              Tmut           #.........   100%        7    #######
 Haunt                    Necr/Summ      #.........   100%        7    #######
 Summon Hydra             Summ           #.........   100%        7    #######
 Borgnjor's Revivificati  Necr           #.........   100%        8    #######
 Death's Door             Chrm/Necr      #.........   100%        8    #######
 Infestation              Necr           #.........   100%        8    #######
 Necromutation            Tmut/Necr      #.........   100%        8    #######
 Dragon's Call            Summ           #.........   100%        9    #######


Dungeon Overview and Level Annotations

Branches:
Dungeon (1/1)

Altars:
Ashenzari
Cheibriados
Dithmenos
Elyvilon
Fedhas
Gozag
Hepliaklqana
Kikubaaqudgha
Makhleb
Nemelex Xobeh
Okawaru
Qazlal
Ru
Sif Muna
Trog
Uskayaw
Vehumet
Wu Jian
Xom
Yredelemnul
Zin
The Shining One
Beogh
Jiyva
Lugonu


Innate Abilities, Weirdness & Mutations

You reflexively headbutt those who attack you in melee.
You have a pair of horns on your head.


Message History

You shoot a bolt. The bolt hits the yaktaur!
The yaktaur is heavily wounded.
The centaur shoots an arrow.
The arrow hits you.
* * * LOW HITPOINT WARNING * * *
The yaktaur shoots a bolt.
The bolt hits you!
* * * LOW HITPOINT WARNING * * *
The yaktaur shoots a bolt.
The bolt closely misses you.
The centaur shoots an arrow.
The arrow hits you but does no damage.
The yaktaur shoots a bolt.
The bolt hits you but does no damage.
Firing (i - inventory)
d - 12 bolts (quivered)
Press: ? - help, Shift-Dir - straight line, f/p - yaktaur
Aim: a yaktaur, wielding a +0 arbalest (heavily wounded)
You shoot a bolt. The bolt hits the centaur!!
You kill the centaur!
Cheibriados thoroughly appreciates the change of pace.
Your Long Blades skill increases to level 4!
The yaktaur shoots a bolt.
The bolt hits you.
* * * LOW HITPOINT WARNING * * *
The yaktaur shoots a bolt.
The bolt hits you!
You die...

▓..8©8..▓
▓...)|?)..▓..=)...▓
▓...}:}...▓..))|..▓
▓......(..▓.......▓
▓..cc.....▓.......▓
▓...)CC...▓.......▓
▓.........▓.......▓
▓.........▓.▓...▓.▓
▓....@....▓...©...▓
▓▓▓▓▓▓▓▓▓▓▓▓▓▓▓▓▓▓▓


You could see 2 cyclopes and 2 yaktaurs.

Vanquished Creatures
  A mummy priest (D)
  A centaur warrior (D)
  A cyclops (D)
  A naga mage (D)
  A guardian mummy (D)
  A hellwing (D)
  A flying skull (D)
  2 nagas (D)
  A water moccasin (D)
  2 centaurs (D)
  A crimson imp (D)
  2 orc priests (D)
  2 orc wizards (D)
  2 quasits (D)
  2 iron imps (D)
  2 mummies (D)
  3 adders (D)
  3 shadow imps (D)
  4 white imps (D)
  An ufetubus (D)
  2 orcs (D)
  3 ball pythons (D)
  A bat skeleton (D)
  A ball python skeleton (D)
41 creatures vanquished.

Vanquished Creatures (others)
  Kirke (D)
  Josephine (D)
  Menkaure (D)
  Purgy (D)
4 creatures vanquished.

Grand Total: 45 creatures vanquished

Notes
Turn   | Place    | Note
-------+----------+-------------------------------------------
     0 | D        | Found the +6 Majin-Bo {vamp, Archmagi MP+6 Int+6}
     0 | D        | Found the +7 great mace "Firestarter" {inner flame, rF++}
     0 | D        | wilfster70 the Minotaur Arcane Marksman began the quest for
                  | the Orb.
     0 | D        | Reached XP level 1. HP: 16/16 MP: 1/1
     8 | D        | Found a blossoming altar of Fedhas.
     9 | D        | Found a viscous altar of Jiyva.
     9 | D        | Found a hazy altar of Hepliaklqana.
     9 | D        | Found a transporter.
     9 | D        | Found an opulent altar of Gozag.
     9 | D        | Found an ancient bone altar of Kikubaaqudgha.
     9 | D        | Found a corrupted altar of Lugonu.
     9 | D        | Killed Josephine
    15 | D        | Became a worshipper of Cheibriados the Contemplative
    31 | D        | Found a burning altar of Makhleb.
    32 | D        | Found a sacrificial altar of Ru.
    32 | D        | Found a stormy altar of Qazlal.
    32 | D        | Found a deep blue altar of Sif Muna.
    32 | D        | Found an iron altar of Okawaru.
    32 | D        | Found a bloodstained altar of Trog.
    32 | D        | Found a sparkling altar of Nemelex Xobeh.
    61 | D        | Found the +9 heavy crossbow "Sniper" {velocity, Acc+∞ SInv}
    61 | D        | Found the +10 dark maul {crush}
    61 | D        | Found the +15 Maxwell's patent armour {-Cast -Tele rElec
                  | MR+ rCorr}
    61 | D        | Found the +18 shield of the Gong {rElec rN+ MR+ EV-5}
    61 | D        | Found the cursed +14 obsidian axe {chop, +Fly SInv *Curse}
    63 | D        | Reached XP level 2. HP: 30/30 MP: 2/2
    70 | D        | Entered arena 2.
    70 | D        | Found a transporter.
    71 | D        | Reached skill level 1 in Invocations
    71 | D        | Reached XP level 3. HP: 38/38 MP: 3/3
    72 | D        | Reached * piety under Cheibriados
    72 | D        | Reached XP level 4. HP: 47/47 MP: 4/4
    95 | D        | Entered arena 3.
    95 | D        | Found a transporter.
    98 | D        | Reached ** piety under Cheibriados
   106 | D        | Got the ring "Wokhlaod" {rPois rN++ MR+ Int-2 Dex+2}
   118 | D        | Entered arena 4.
   118 | D        | Found a transporter.
   122 | D        | Reached *** piety under Cheibriados
   122 | D        | Reached skill level 5 in Dodging
   122 | D        | Reached XP level 5. HP: 53/53 MP: 5/7
   132 | D        | Got the Tome of Summoning and Ice
   148 | D        | Entered arena 5.
   148 | D        | Noticed a naga
   148 | D        | Found a transporter.
   149 | D        | Killed a naga
   149 | D        | Reached skill level 5 in Invocations
   150 | D        | Reached **** piety under Cheibriados
   150 | D        | Reached XP level 6. HP: 63/63 MP: 8/8
   165 | D        | Got the ring "Eged Iku" {rN+ MR+ Int+3 Dex-5}
   174 | D        | Entered arena 6.
   174 | D        | Found a transporter.
   175 | D        | Reached ***** piety under Cheibriados
   196 | D        | Entered arena 7.
   196 | D        | Noticed a naga
   196 | D        | Noticed a water moccasin
   196 | D        | Noticed a naga mage
   197 | D        | Reached ****** piety under Cheibriados
   199 | D        | Killed a water moccasin
   200 | D        | Killed a naga
   200 | D        | Reached skill level 10 in Fighting
   200 | D        | Reached XP level 7. HP: 70/72 MP: 10/10
   202 | D        | Killed a naga mage
   203 | D        | Found a transporter.
   223 | D        | Entered arena 8.
   223 | D        | Noticed a hellwing
   228 | D        | Killed a hellwing
   228 | D        | Reached XP level 8. HP: 74/82 MP: 12/12
   231 | D        | Found a transporter.
   247 | D        | Killed Kirke
   250 | D        | Killed Menkaure
   251 | D        | Entered arena 9.
   251 | D        | Noticed a flying skull
   251 | D        | Noticed a mummy priest
   251 | D        | Noticed a guardian mummy
   253 | D        | Killed a flying skull
   253 | D        | Reached skill level 10 in Crossbows
   254 | D        | Noticed a hellwing
   256 | D        | Killed a mummy priest
   256 | D        | Reached skill level 10 in Armour
   256 | D        | Reached XP level 9. HP: 64/90 MP: 12/14
   256 | D        | Noticed a soul eater
   259 | D        | Killed a guardian mummy
   264 | D        | HP: 4/90 [soul eater/drain life[a mummy priest's death
                  | curse] (2)]
   267 | D        | Found a transporter.
   465 | D        | Killed Purgy
   559 | D        | Entered arena 10.
   559 | D        | Noticed a centaur warrior
   559 | D        | Noticed a yaktaur
   559 | D        | Noticed a cyclops
   559 | D        | Noticed a cyclops
   559 | D        | Noticed a yaktaur
   559 | D        | Noticed a cyclops
   560 | D        | Reached skill level 10 in Dodging
   562 | D        | Killed a centaur warrior
   563 | D        | Killed a cyclops
   565 | D        | HP: 3/92 [yaktaur/bolt (4)]
   565 | D        | Shot with a bolt by a yaktaur

Skill      XL: |  1  2  3  4  5  6  7  8  9 |
---------------+----------------------------+-----
Fighting       | 6 7 8 9 10 11 12 | 12.6
Crossbows      | 6 7 9 11 12 | 12.8
Armour         | 2 3 4 6 7 9 10 11 | 11.3
Dodging        | 3 5 6 7 8 9 10 | 10.5
Invocations    | 1 2 4 5 6 7 8 9 |  9.2
Long Blades    | 4 |  4.0
Spellcasting   | |  1.0
Hexes          | |  2.0

Action                   |  1- 3 |  4- 6 |  7- 9 || total
-------------------------+-------+-------+-------++-------
 Fire: Heavy crossbow    |     2 |    20 |    31 ||    53
  Use: Potion            |     1 |       |     3 ||     4
Armor: Gold dragon scale |       |    13 |    32 ||    45
Dodge: Dodged            |     2 |    15 |    54 ||    71
